 Dungeon Crawl Stone Soup version 0.21.0-3-g78d12a8 (webtiles) character file.

111 teukkam the Chopper (level 4, 0/32 HPs)
             Began as a Gnoll Wanderer on Jan 9, 2018.
             Killed by nerve-wracking pain
             ... invoked by an orc priest
              (8 damage)
             ... on level 4 of the Dungeon.
             The game lasted 00:09:19 (2858 turns).

teukkam the Chopper (Gnoll Wanderer)                Turns: 2858, Time: 00:09:19

Health: 0/32       AC:  9    Str: 16    XL:     4   Next: 92%
Magic:  1/1        EV: 10    Int: 13    God:
Gold:   97         SH:  0    Dex: 15    Spells: 5/5 levels left

rFire    + + .     SeeInvis .   a - +1 short sword (antimagic)
rCold    + . .     Gourm    +   (no shield)
rNeg     . . .     Faith    .   d - +2 scale mail
rPois    +         Spirit   .   (no helmet)
rElec    +         Reflect  .   (no cloak)
rCorr    +         Harm     .   (no gloves)
MR       .....                  (no boots)
Stlth    ..........             i - amulet of the gourmand
HPRegen  0.10/turn              r - +3 ring of slaying
MPRegen  0.07/turn              h - ring of protection from fire

@: confused, resistant
A: distributed training, fangs 1, strong nose
a: no special abilities


You were on level 4 of the Dungeon.
You were not hungry.

You visited 1 branch of the dungeon, and saw 4 of its levels.

You collected 97 gold pieces.

Inventory:

Hand Weapons
 a - a +1 antimagic short sword (weapon)
 b - a +0 hand crossbow
 g - a +0 spear
 n - a +0 blowgun
Missiles
 c - 67 bolts
 k - 8 poisoned javelins (quivered)
 p - 3 poisoned needles
 q - 4 tomahawks
Armour
 d - a +2 scale mail (worn)
Jewellery
 e - an uncursed ring of flight
 h - a ring of protection from fire (right hand)
 i - an amulet of the gourmand (around neck)
 o - a cursed amulet of magic regeneration {unknown}
 r - a +3 ring of slaying (left hand)
Scrolls
 j - 2 scrolls of remove curse {unknown}
 l - a scroll of fog {unknown}
 m - 2 scrolls of identify {unknown}
Potions
 s - a potion of berserk rage {unknown}
 t - a potion of resistance
 u - a potion of ambrosia {unknown}
Comestibles
 f - 5 rations


   Skills:
 + Level 1.2 Fighting
 + Level 1.2 Short Blades
 + Level 1.2 Long Blades
 + Level 6.6 Axes
 + Level 1.2 Maces & Flails
 + Level 4.7 Polearms
 + Level 1.2 Staves
 + Level 1.2 Slings
 + Level 1.2 Bows
 + Level 1.2 Crossbows
 + Level 2.8 Throwing
 + Level 4.7 Armour
 + Level 1.2 Dodging
 + Level 2.6 Stealth
 + Level 2.8 Shields
 + Level 1.2 Unarmed Combat
 + Level 1.2 Spellcasting
 + Level 1.0 Conjurations
 + Level 1.0 Hexes
 + Level 1.0 Charms
 + Level 1.0 Summonings
 + Level 1.0 Necromancy
 + Level 1.0 Translocations
 + Level 1.0 Transmutations
 + Level 1.0 Fire Magic
 + Level 1.0 Ice Magic
 + Level 1.0 Air Magic
 + Level 1.0 Earth Magic
 + Level 1.0 Poison Magic
 + Level 1.4 Invocations
 + Level 1.2 Evocations


You had 5 spell levels left.
You didn't know any spells.

Dungeon Overview and Level Annotations

Branches:
Dungeon (4/15)
 Temple: D:4-7

Altars:
Dithmenos


Innate Abilities, Weirdness & Mutations

Your experience applies equally to all skills.
You have very sharp teeth.
Your uncanny sense of smell can sniff out nearby items.


Message History

The orc shouts!
The orc moves out of view.
The orc priest closely misses you.
You see here a bolt.
You barely miss the orc priest.
The orc wizard casts a spell.
The orc wizard flickers and vanishes!
Deactivating autopickup; reactivate with Ctrl-A.
The orc priest hits you with a hand axe.
Something tries to affect you, but you resist.
You're too confused to move!
The orc priest calls down the wrath of Beogh upon you.
You barely resist.
The orc priest mumbles some strange prayers to Beogh against you.
Beogh smites you!
* * * LOW HITPOINT WARNING * * *
It was a potion of resistance.
You feel protected.
The orc priest invokes the aid of Beogh against you.
Pain shoots through your body!
You die...

#.# ### . ##########.#
#...# .## .........#.#
#.#.#<..
.#######.#.######.#.#.###
........................
########.#.######.#.#.##
...........####........#.#
..................#(......
.##...####.#..#.@o(....#
.##...##.....###.......#
..+......##..###..##...#
.##...##.###..#..## ...o.#
..........##.....##...##.#
.##..........รท......... #
..#.##..##.........## .#
..#.#..####..._...## ..
..#.#>..##.........#


You could see an orc priest and an orc.

Vanquished Creatures
  4 adders
  3 oozes
  3 worms
  A dart slug (D:3)
  4 leopard geckos
  An orc (D:3)
  4 giant cockroaches
  2 goblins (D:1)
  4 hobgoblins
  A quokka (D:3)
  5 bats
  7 frilled lizards
  6 kobolds
  9 rats
54 creatures vanquished.

Notes
Turn   | Place    | Note
-------+----------+-------------------------------------------
     0 | D:1      | teukkam the Gnoll Wanderer began the quest for the Orb.
     0 | D:1      | teukkam set off with: a +2 scale mail, a +0 hand crossbow, 23 bolts, a +0 spear, a ration
     0 | D:1      | Reached XP level 1. HP: 13/13 MP: 1/1
   139 | D:1      | Reached XP level 2. HP: 19/19 MP: 2/2
   694 | D:2      | Reached XP level 3. HP: 25/25 MP: 1/3
   740 | D:2      | Reached skill level 1 in Invocations
  1059 | D:2      | Reached skill level 1 in Fighting
  1059 | D:2      | Reached skill level 1 in Short Blades
  1059 | D:2      | Reached skill level 1 in Long Blades
  1059 | D:2      | Reached skill level 1 in Maces & Flails
  1059 | D:2      | Reached skill level 1 in Staves
  1059 | D:2      | Reached skill level 1 in Slings
  1059 | D:2      | Reached skill level 1 in Bows
  1059 | D:2      | Reached skill level 1 in Crossbows
  1059 | D:2      | Reached skill level 1 in Dodging
  1059 | D:2      | Reached skill level 1 in Unarmed Combat
  1059 | D:2      | Reached skill level 1 in Spellcasting
  1059 | D:2      | Reached skill level 1 in Evocations
  1059 | D:2      | Reached XP level 4. HP: 32/32 MP: 1/5
  1219 | D:2      | Noticed a centaur
  1915 | D:3      | Reached skill level 1 in Conjurations
  1915 | D:3      | Reached skill level 1 in Hexes
  1915 | D:3      | Reached skill level 1 in Charms
  1915 | D:3      | Reached skill level 1 in Summonings
  1915 | D:3      | Reached skill level 1 in Necromancy
  1915 | D:3      | Reached skill level 1 in Translocations
  1915 | D:3      | Reached skill level 1 in Transmutations
  1915 | D:3      | Reached skill level 1 in Fire Magic
  1915 | D:3      | Reached skill level 1 in Ice Magic
  1915 | D:3      | Reached skill level 1 in Air Magic
  1915 | D:3      | Reached skill level 1 in Earth Magic
  1915 | D:3      | Reached skill level 1 in Poison Magic
  2769 | D:4      | Found a shadowy altar of Dithmenos.
  2858 | D:4      | Killed from afar by an orc priest

Skill      XL: |  1  2  3  4 |
---------------+-------------+-----
Invocations    | 1 |  1.4
Fighting       | 1 |  1.2
Short Blades   | 1 |  1.2
Long Blades    | 1 |  1.2
Maces & Flails | 1 |  1.2
Staves         | 1 |  1.2
Slings         | 1 |  1.2
Bows           | 1 |  1.2
Crossbows      | 1 |  1.2
Dodging        | 1 |  1.2
Unarmed Combat | 1 |  1.2
Spellcasting   | 1 |  1.2
Evocations     | 1 |  1.2
Conjurations   | 1 |  1.0
Hexes          | 1 |  1.0
Charms         | 1 |  1.0
Summonings     | 1 |  1.0
Necromancy     | 1 |  1.0
Translocations | 1 |  1.0
Transmutations | 1 |  1.0
Fire Magic     | 1 |  1.0
Ice Magic      | 1 |  1.0
Air Magic      | 1 |  1.0
Earth Magic    | 1 |  1.0
Poison Magic   | 1 |  1.0
Axes           | |  6.6
Polearms       | |  4.7
Throwing       | |  2.8
Armour         | |  4.7
Stealth        | |  2.6
Shields        | |  2.8

Action                   |  1- 3 |  4- 6 || total
-------------------------+-------+-------++-------
Melee: Spear             |    25 |       ||    25
       Short sword       |    66 |    60 ||   126
       Bite              |     5 |     5 ||    10
 Fire: Hand crossbow     |    27 |    36 ||    63
Throw: Javelin           |       |     5 ||     5
  Use: Potion            |     2 |     2 ||     4
       Scroll            |       |     1 ||     1
  Eat: Chunk             |       |     4 ||     4
       Ration            |       |     1 ||     1
Armor: Scale mail        |    59 |    45 ||   104
Dodge: Dodged            |    44 |    44 ||    88
